 Dungeon Crawl Stone Soup version 0.28.0-49-g6dfe1f597d (webtiles) character file.

Game seed: 13849277914921483096

238 Exodus22XD the Chopper (level 5, -1/47 HPs)
             Began as a Minotaur Fighter on May 20, 2022.
             Was a Believer of Zin.
             Killed from afar by Grinder (6 damage)
             ... with a puff of flame
             ... while paralysed by Grinder
             ... on level 3 of the Dungeon.
             The game lasted 00:02:18 (2557 turns).

Exodus22XD the Chopper (Minotaur Fighter)           Turns: 2557, Time: 00:02:19

Health: -1/47      AC:  7    Str: 22    XL:     5   Next: 78%
Magic:  5/5        EV:  2    Int:  5    God:    Zin [**....]
Gold:   46         SH:  0    Dex: 10    Spells: 4/4 levels left

rFire   . . .      SeeInvis .   a - +0 war axe
rCold   . . .      Faith    .   c - +0 buckler
rNeg    . . .      Spirit   .   b - +0 scale mail
rPois   .          Reflect  .   (helmet restricted)
rElec   .          Harm     .   (no cloak)
rCorr   .          Rampage  .   (no gloves)
Will    .....                   (no boots)
Stlth   ..........              (no amulet)
HPRegen 0.15/turn               (no ring)
MPRegen 0.09/turn               (no ring)

@: paralysed
A: horns 2, retaliatory headbutt
a: Renounce Religion, Recite, Vitalisation, Donate Gold


You were on level 3 of the Dungeon.
You worshipped Zin.
Zin was pleased with you.
You visited 1 branch of the dungeon, and saw 3 of its levels.

You collected 73 gold pieces.
You spent 20 gold pieces at shops.
You donated 7 gold pieces to Zin.

Inventory:

Hand Weapons
 a - a +0 war axe (weapon)
 l - a +0 whip of venom
Armour
 b - a +0 scale mail (worn)
 c - a +0 buckler (worn)
Scrolls
 e - a scroll of blinking {unknown}
 f - a scroll of fog
 g - 2 scrolls of brand weapon {unknown}
 i - 3 scrolls of teleportation {unknown}
Potions
 d - a potion of might
 h - a potion of heal wounds {unknown}
 k - a potion of invisibility {unknown}


   Skills:
 + Level 4.7 Fighting
 + Level 5.1 Axes
 + Level 4.5 Armour
 + Level 4.3 Shields
 * Level 1.3 Invocations


You had 4 spell levels left.
You didn't know any spells.
Your spell library was empty.

Dungeon Overview and Level Annotations

Branches:
Dungeon (3/15)

Altars:
Zin

Shops:
D:3 ?

Annotations:
D:3 Grinder


Innate Abilities, Weirdness & Mutations

You have a pair of horns on your head.
You reflexively headbutt those who attack you in melee.


Message History

The gnoll hits you from afar with a +0 halberd.
The gnoll shaman barely misses you.
There are monsters nearby!
You closely miss the gnoll shaman.
You headbutt the gnoll shaman, but do no damage.
The gnoll barely misses you.
The gnoll hits you from afar with a +0 halberd.
You slash the gnoll shaman!
The gnoll shaman is heavily wounded.
You barely miss the gnoll.
The gnoll shaman hits you with a +0 whip.
The gnoll hits you from afar with a +0 halberd.
There are monsters nearby!
You slash the gnoll shaman!
The gnoll shaman is almost dead.
You hit the gnoll. You hit the gnoll but do no damage.
The gnoll shaman barely misses you. The gnoll barely misses you.
The gnoll hits you but does no damage. The gnoll hits you with a +0 flail.
You barely miss the gnoll shaman.
The gnoll shaman is almost dead.
You hit the gnoll but do no damage. You barely miss the gnoll.
The gnoll shaman prays to its god.
The gnoll shaman is healed somewhat.
The gnoll closely misses you. The gnoll hits you with a +0 flail! x2
* * * LOW HITPOINT WARNING * * *
The gnoll shaman calls upon its god to heal the gnoll.
The gnoll's wounds heal themselves!
The gnoll hits you with a +0 flail!
* * * LOW HITPOINT WARNING * * *
The gnoll shaman calls down the wrath of its god upon you.
You resist with some effort.
Okay, then.
Grinder comes into view.
She is carrying a wand of flame (18).
Grinder shouts!
The gnoll shaman calls down the wrath of its god upon you.
You resist with some effort.
Grinder drinks a potion.
Grinder seems to speed up.
Grinder gestures at you.
You suddenly lose the ability to move!
Grinder zaps a wand.
The puff of flame hits you.
You die... #.#.. ..... ..... #. .gg

#.#.# #. ####.#### ##.#
#?......# .##...
#.##.##.# ###.#. ....5.
#.ggg...# .>....
......###..###..#######
...... #.....#
#......... ###.##
#@##..# #.#.####.#
#.##......##......
#.##.####.#(####.#
#.##.# ##. #.# #.##.. .
###.# #.#### #!..#
..#.# #.### . #.#.#
##### #.# .. #.
#...###.###


You could see Grinder (fast), a gnoll shaman and 2 gnolls.

Vanquished Creatures
  3 orc priests
  Jessica (D:3)
  Terence (D:3)
  3 adders
  A worm (D:2)
  4 dart slugs
  4 orcs
  4 bats
  6 endoplasms
  2 giant cockroaches
  A goblin (D:1)
  3 hobgoblins
  4 jackals (D:2)
  3 quokkas
  6 ball pythons
  6 frilled lizards
  6 kobolds
  3 rats
61 creatures vanquished.

Notes
Turn   | Place    | Note
-------+----------+-------------------------------------------
     0 | D:1      | Exodus22XD the Minotaur Fighter began the quest for the
                  | Orb.
     0 | D:1      | Reached XP level 1. HP: 19/19 MP: 0/0
   314 | D:1      | Reached XP level 2. HP: 27/27 MP: 1/1
  1153 | D:2      | Reached skill level 3 in Axes
  1153 | D:2      | Reached XP level 3. HP: 27/33 MP: 2/2
  1509 | D:2      | Reached XP level 4. HP: 39/40 MP: 3/3
  1637 | D:2      | Found a faded altar of an unknown god.
  1653 | D:2      | Prayed at the altar of an unknown god.
  1653 | D:2      | Became a worshipper of Zin the Law-Giver
  1653 | D:2      | Reached * piety under Zin
  1713 | D:2      | Reached skill level 4 in Axes
  2003 | D:3      | Noticed Terence
  2013 | D:3      | Killed Terence
  2015 | D:3      | Reached XP level 5. HP: 42/47 MP: 4/4
  2096 | D:3      | Found Jiyxekia's Magic Scroll Shoppe.
  2104 | D:3      | Bought a scroll of identify for 20 gold pieces
  2202 | D:3      | Reached skill level 1 in Invocations
  2422 | D:3      | Reached skill level 5 in Axes
  2436 | D:3      | Noticed Jessica
  2442 | D:3      | Killed Jessica
  2542 | D:3      | Reached ** piety under Zin
  2556 | D:3      | Noticed Grinder
  2557 | D:3      | Paralysed by Grinder for 2 turns
  2557 | D:3      | Killed from afar by Grinder

Illustrated notes

Levels and vault maps discovered:
D:1:      dpeg_arrival_rhombi, layout_rooms, serial_aquarium,
          aquarium_bridge_straight [aquarium_subvault_bridge,
          aquarium_subvault_wall, aquarium_subvault_bridge,
          aquarium_subvault_window], aquarium_window_1, aquarium_window_2,
          aquarium_view_2a, aquarium_view_2b, aquarium_balcony_double_3,
          aquarium_pool_split, dk_noncrumbling_2
D:2:      layout_rooms, ebering_ecumenical_altar_abandoned
D:3:      layout_loops_ring, serial_shops, shop, dk_noncrumbling_4,
          uniq_jessica, uniq_terence, uniq_grinder

Skill      XL: |  1  2  3  4  5 |
---------------+----------------+-----
Shields        | 4 |  4.3
Fighting       | 4 |  4.7
Armour         | 4 |  4.5
Axes           | 3 4 5 |  5.1
Invocations    | 1 |  1.3

Action                   |  1- 3 |  4- 6 || total
-------------------------+-------+-------++-------
Melee: War axe           |    99 |    53 ||   152
       Headbutt          |    11 |     4 ||    15
  Use: Scroll            |       |     3 ||     3
Armor: Scale mail        |    66 |    18 ||    84
Dodge: Dodged            |    48 |    23 ||    71
Block: Buckler           |    20 |     7 ||    27
